 Dungeon Sprint DCSS version 0.21-a0-227-g58a7c62 (webtiles) character file.

731 Kidiri the Thaumaturge (level 7, -8/41 HPs)
             Began as a Deep Elf Fire Elementalist on Aug 30, 2017.
             Was a High Priest of Vehumet.
             Mangled by a shadow (33 damage)
             ... in the Dungeon (Sprint VII: "The Pits").
             The game lasted 00:04:35 (794 turns).

Kidiri the Thaumaturge (Deep Elf Fire Elementalist)  Turns: 794, Time: 00:04:36

Health: -8/41      AC:  2    Str:  5    XL:     7   Next: 45%
Magic:  20/24      EV: 15    Int: 22    God:    Vehumet [*****.]
Gold:   0          SH:  0    Dex: 15    Spells: 4/29 levels left

rFire    . . .     SeeInvis .   j - +2 dagger (elec)
rCold    . . .     Gourm    .   (no shield)
rNeg     . . .     Faith    .   a - +0 robe
rPois    .         Spirit   .   (no helmet)
rElec    .         Reflect  .   (no cloak)
rCorr    .         Harm     .   (no gloves)
MR       .....     NoTele   +   (no boots)
Stlth    ++........             (no amulet)
HPRegen  0.13/turn              (no ring)
MPRegen  0.19/turn              (no ring)

@: no status effects
A: no striking features
a: Renounce Religion


You were in the Dungeon.
You worshipped Vehumet.
Vehumet was extremely pleased with you.
You were not hungry.

You visited 1 branch

Inventory:

Hand Weapons
 j - a +2 dagger of electrocution (weapon)
Armour
 a - a +0 robe (worn)
Scrolls
 i - a scroll of blinking
 l - 3 scrolls of remove curse
 m - 5 scrolls of amnesia
 n - a scroll of summoning
Potions
 d - 6 potions of curing
 e - 6 potions of heal wounds
 f - a potion of haste
 g - 4 potions of magic
 h - 3 potions of berserk rage
 k - 2 potions of invisibility
Books
 b - a book of Flames

   Spells                             Type                      Level
   a - Flame Tongue                   Conjuration/Fire             1
   b - Throw Flame                    Conjuration/Fire             2
   c - Conjure Flame                  Conjuration/Fire             3
   d - Inner Flame                    Hexes/Fire                   3
   e - Sticky Flame                   Conjuration/Fire             4
   f - Fireball                       Conjuration/Fire             5
Comestibles
 c - 8 bread rations
 o - 40 fruits
 p - 7 meat rations
 q - 4 chunks of flesh


   Skills:
 + Level 3.3 Fighting
 + Level 4.1 Short Blades
 + Level 3.3 Armour
 + Level 5.8 Dodging
 - Level 2.4 Stealth
 * Level 11.6 Spellcasting
 + Level 6.9 Conjurations
 + Level 7.6 Fire Magic
 + Level 4.2 Ice Magic
 + Level 4.1 Air Magic


You had 4 spell levels left.
You knew the following spells:

 Your Spells              Type           Power        Failure   Level  Hunger
a - Flame Tongue          Conj/Fire      #####        1%          1    None
b - Throw Flame           Conj/Fire      #####.       1%          2    None
c - Conjure Flame         Conj/Fire      #####...     1%          3    None
d - Inner Flame           Hex/Fire       ####....     1%          3    None
e - Sticky Flame          Conj/Fire      #####...     1%          4    None
f - Fireball              Conj/Fire      #####.....   1%          5    ####...
g - Throw Frost           Conj/Ice       #####.       1%          2    None
h - Shock                 Conj/Air       ####         1%          1    None
i - Airstrike             Air            ####......   2%          4    None


Dungeon Overview and Level Annotations

Branches:
Dungeon (1/1)

Altars:
Ashenzari
Cheibriados
Dithmenos
Elyvilon
Fedhas
Gozag
Hepliaklqana
Kikubaaqudgha
Makhleb
Nemelex Xobeh
Okawaru
Qazlal
Ru
Sif Muna
Trog
Uskayaw
Vehumet
Wu Jian
Xom
Yredelemnul
Zin
The Shining One
Beogh
Jiyva
Lugonu


Message History

Confirm with . or Enter, or press ? or * to list all spells.
Aiming: Flame Tongue
Press: ? - help, Shift-Dir - straight line, f/p - shadow
Aim: a shadow (heavily damaged)
The flame tongue hits the shadow.
The shadow is almost destroyed.
The shadow slips into darkness.
The shadow flickers and vanishes!
Deactivating autopickup; reactivate with Ctrl-A.
Casting: Flame Tongue
Confirm with . or Enter, or press ? or * to list all spells.
You can't see any susceptible monsters within range! (Use Z to cast anyway.) Unknown command.
Casting: Flame Tongue
Confirm with . or Enter, or press ? or * to list all spells.
Aiming: Flame Tongue
Press: ? - help, Shift-Dir - straight line The shadow strikes at you from the darkness!
Ouch! That really hurt!
You die...

#.#..#[))).##.......#
#'###########.......#
#.%.....# #########
#..#.#..# #.##.##.#
#.......#+#
#.##.##.#.+
#..#.#..#{#
#.......+@#
###########


There were no monsters in sight!

Vanquished Creatures
  A water moccasin (D)
  2 floating eyes (D)
  A black bear (D)
  An ice beast (D)
  A sky beast (D)
  An orc warrior (D)
  A mummy (D)
  2 river rats (D)
  An ufetubus (D)
  3 orcs (D)
  A giant cockroach (D)
  5 jackals (D)
  A quokka (D)
  A rat (D)
22 creatures vanquished.

Notes
Turn   | Place    | Note
-------+----------+-------------------------------------------
     0 | D        | Kidiri the Deep Elf Fire Elementalist began the quest for the Orb.
     0 | D        | Reached XP level 1. HP: 10/10 MP: 6/6
    12 | D        | Noticed a floating eye
    15 | D        | Killed a floating eye
    15 | D        | Reached skill level 8 in Spellcasting
    15 | D        | Reached skill level 5 in Fire Magic
    15 | D        | Reached XP level 2. HP: 15/15 MP: 3/13
    15 | D        | Reached XP level 3. HP: 19/19 MP: 3/15
    15 | D        | Reached XP level 4. HP: 24/24 MP: 3/16
    19 | D        | Learned a level 2 spell: Throw Flame
    23 | D        | Learned a level 3 spell: Conjure Flame
    27 | D        | Learned a level 3 spell: Inner Flame
    32 | D        | Learned a level 4 spell: Sticky Flame
    64 | D        | Found a bloodstained altar of Trog.
    64 | D        | Found a deep blue altar of Sif Muna.
    64 | D        | Found a viscous altar of Jiyva.
    64 | D        | Found a hazy altar of Hepliaklqana.
    64 | D        | Found an opulent altar of Gozag.
    65 | D        | Found a glowing golden altar of the Shining One.
    65 | D        | Found a glowing silver altar of Zin.
    65 | D        | Found a basalt altar of Yredelemnul.
    65 | D        | Found a shimmering altar of Xom.
    65 | D        | Found an ornate altar of the Wu Jian Council.
    65 | D        | Found a sacrificial altar of Ru.
    65 | D        | Found a stormy altar of Qazlal.
    65 | D        | Found an iron altar of Okawaru.
    65 | D        | Found a sparkling altar of Nemelex Xobeh.
    65 | D        | Found a burning altar of Makhleb.
    65 | D        | Found a blossoming altar of Fedhas.
    65 | D        | Found a white marble altar of Elyvilon.
    65 | D        | Found a shadowy altar of Dithmenos.
    65 | D        | Found a snail-covered altar of Cheibriados.
    67 | D        | Found a radiant altar of Vehumet.
    67 | D        | Found a corrupted altar of Lugonu.
    67 | D        | Found a roughly hewn altar of Beogh.
    68 | D        | Found a hide-covered altar of Uskayaw.
    68 | D        | Found an ancient bone altar of Kikubaaqudgha.
    68 | D        | Found a shattered altar of Ashenzari.
    75 | D        | Became a worshipper of Vehumet
    97 | D        | Reached * piety under Vehumet
    97 | D        | Offered knowledge of Shock by Vehumet.
    97 | D        | Reached skill level 5 in Conjurations
   185 | D        | Learned a level 1 spell: Shock
   195 | D        | Reached skill level 9 in Spellcasting
   195 | D        | Reached ** piety under Vehumet
   195 | D        | Offered knowledge of Throw Frost by Vehumet.
   389 | D        | Learned a level 2 spell: Throw Frost
   399 | D        | Offered knowledge of Dazzling Spray by Vehumet.
   400 | D        | Noticed an orc warrior
   404 | D        | Reached *** piety under Vehumet
   404 | D        | Killed an orc warrior
   404 | D        | Reached skill level 1 in Fighting
   404 | D        | Reached skill level 1 in Armour
   404 | D        | Reached XP level 5. HP: 29/29 MP: 6/19
   411 | D        | Learned a level 5 spell: Fireball
   556 | D        | Noticed a sky beast
   565 | D        | Noticed an ice beast
   568 | D        | Noticed a floating eye
   569 | D        | Paralysed by a floating eye for 4 turns
   578 | D        | Paralysed by a floating eye for 2 turns
   583 | D        | Paralysed by a floating eye for 4 turns
   588 | D        | Paralysed by a floating eye for 4 turns
   596 | D        | Paralysed by a floating eye for 2 turns
   600 | D        | Killed a floating eye
   600 | D        | Offered knowledge of Airstrike by Vehumet.
   600 | D        | Reached **** piety under Vehumet
   600 | D        | Reached skill level 10 in Spellcasting
   600 | D        | Reached XP level 6. HP: 35/35 MP: 17/21
   601 | D        | Killed an ice beast
   607 | D        | Learned a level 4 spell: Airstrike
   631 | D        | Killed a sky beast
   631 | D        | Offered knowledge of Lee's Rapid Deconstruction by Vehumet.
   631 | D        | Reached skill level 5 in Dodging
   631 | D        | Reached skill level 11 in Spellcasting
   631 | D        | Reached XP level 7. HP: 40/40 MP: 13/23
   653 | D        | Reached ***** piety under Vehumet
   790 | D        | Noticed a shadow
   794 | D        | Mangled by a shadow

Vault maps used:
D:        pitsprint

Skill      XL: |  1  2  3  4  5  6  7 |
---------------+----------------------+-----
Spellcasting   | 8 9 10 11 | 11.6
Conjurations   | 4 5 6 |  6.9
Fire Magic     | 5 6 7 |  7.6
Fighting       | 1 2 3 |  3.3
Short Blades   | 2 3 4 |  4.1
Armour         | 1 2 3 |  3.3
Dodging        | 3 4 5 |  5.8
Ice Magic      | 2 3 4 |  4.2
Air Magic      | 2 3 4 |  4.1
Stealth        | |  2.4

Action                   |  1- 3 |  4- 6 |  7- 9 || total
-------------------------+-------+-------+-------++-------
 Cast: Flame Tongue      |     2 |    12 |    11 ||    25
       Inner Flame       |       |     8 |       ||     8
       Conjure Flame     |       |     5 |     1 ||     6
       Throw Flame       |       |     3 |       ||     3
       Sticky Flame      |       |     1 |     3 ||     4
Dodge: Dodged            |       |       |     3 ||     3

Table legend:
 A = Spawn XP
 B = Non-spawn XP
 C = Spawn XP percentage of total XP
 D = Spawn monster count
 E = Non-spawn monster count
 F = Spawn count percentage of total count
 G = Total turns spent on level
                    A         B        C        D         E        F      G
               +---------+---------+-------+---------+---------+-------+---------
         Total |       0 |    1045 |   0.0 |       0 |      22 |   0.0 |   794
               +---------+---------+-------+---------+---------+-------+---------
             D |       0 |    1045 |   0.0 |       0 |      22 |   0.0 |   794
               +---------+---------+-------+---------+---------+-------+---------
